 Dungeon Crawl Stone Soup version 0.22-a0-185-ge330310 (webtiles) character file.

198 mortelune the Chiller (level 5, -3/35 HPs)
             Began as a Demonspawn Ice Elementalist on Feb 15, 2018.
             Slain by an orc
             ... wielding a +0 flail
              (4 damage)
             ... on level 4 of the Dungeon.
             The game lasted 00:08:03 (4336 turns).

mortelune the Chiller (Demonspawn Ice Elementalist) Turns: 4336, Time: 00:08:04

Health: -3/35      AC:  6    Str:  9    XL:     5   Next: 47%
Magic:  7/10       EV: 13    Int: 22    God:
Gold:   99         SH:  0    Dex: 13    Spells: 0/10 levels left

rFire    . . .     SeeInvis .   g - +0 short sword
rCold    . . .     Gourm    .   (no shield)
rNeg     . . .     Faith    .   a - +1 robe
rPois    .         Spirit   .   (no helmet)
rElec    .         Reflect  .   n - +0 cloak
rCorr    .         Harm     .   (no gloves)
MR       .....                  (no boots)
Stlth    ++........             (no amulet)
HPRegen  0.11/turn              (no ring)
MPRegen  0.12/turn              (no ring)

@: brilliant
A: icy blue scales 1, demonic guardian 1
a: no special abilities


You were on level 4 of the Dungeon.
You were not hungry.

You visited 1 branch of the dungeon, and saw 4 of its levels.

You collected 99 gold pieces.

Inventory:

Hand Weapons
 e - a +0 club
 g - a +0 short sword (weapon)
 l - a +3 short sword
 m - a cursed -3 spear
 r - a +0 flail
Armour
 a - a +1 robe (worn)
 n - a +0 cloak (worn)
Jewellery
 d - a cursed ring of stealth {unknown}
Scrolls
 f - a scroll of blinking {unknown}
 h - 2 scrolls of enchant armour
 j - 3 scrolls of identify {unknown}
 k - 2 scrolls of remove curse {unknown}
 q - a scroll of magic mapping {unknown}
 w - a scroll of enchant weapon {unknown}
Potions
 p - a potion of lignification {unknown}
 s - a potion of agility {unknown}
 t - a potion of curing {unknown}
 u - a potion of heal wounds {unknown}
 v - a potion of ambrosia {unknown}
 x - a potion of invisibility {unknown}
Books
 b - a book of Frost

   Spells                             Type                      Level
   a - Freeze                         Ice                          1
   b - Throw Frost                    Conjuration/Ice              2
   c - Ozocubu's Armour               Charms/Ice                   3
   d - Throw Icicle                   Conjuration/Ice              4
   e - Summon Ice Beast               Ice/Summoning                4
Comestibles
 c - 5 rations


   Skills:
 - Level 2.4 Dodging
 - Level 1.7 Stealth
 + Level 3.4 Spellcasting
 + Level 2.5 Conjurations
 * Level 4.0 Ice Magic


You couldn't memorise any spells.
You knew the following spells:

 Your Spells              Type           Power        Failure   Level  Hunger
a - Freeze                Ice            ####         1%          1    None
b - Throw Frost           Conj/Ice       ####..       1%          2    ##.....
c - Ozocubu's Armour      Chrm/Ice       ####....     1%          3    ###....
d - Summon Ice Beast      Ice/Summ       ####....     6%          4    ####...


Dungeon Overview and Level Annotations

Branches:
Dungeon (4/15)
 Temple: D:4-7

Altars:
Dithmenos
Uskayaw
Xom
Yredelemnul

Annotations:
D:2 Sigmund


Innate Abilities, Weirdness & Mutations

You are partially covered in icy blue scales. (AC +2)
A weak demonic guardian rushes to your aid.


Message History

The orc is heavily wounded.
The orc misses you.
The orc wizard points at you and mumbles some strange words.
The puff of flame hits you!
You bump into the rock wall.
The orc wizard misses you. The orc closely misses you.
You're too confused to cast spells.
Unknown command.
You bump into the rock wall.
You feel less confused. The orc wizard barely misses you.
The orc hits you with a flail.
* * * LOW HITPOINT WARNING * * *
It was a potion of brilliance.
You feel clever all of a sudden.
Your iron imp barely misses the orc.
The orc wizard points at you and mumbles some strange words.
The magic dart hits you!
* * * LOW HITPOINT WARNING * * *
The orc hits you with a flail.
You die...

.... ...
..
###.#####
#........
#..5.....
#)o......
#@o......
###.##.._
#


You could see an orc wizard, an orc and a friendly iron imp.

Vanquished Creatures
  Natasha (twice) (D:3)
  A gnoll (D:2)
  6 adders
  An ooze (D:2)
  2 dart slugs
  4 orcs
  11 bats
  2 giant cockroaches
  6 goblins
  8 hobgoblins
  11 jackals
  8 kobolds
  A quokka (D:3)
  A ball python (D:3)
  A frilled lizard (D:1)
  11 rats
76 creatures vanquished.

Vanquished Creatures (collateral kills)
  A frilled lizard (D:2)
1 creature vanquished.

Grand Total: 77 creatures vanquished

Notes
Turn   | Place    | Note
-------+----------+-------------------------------------------
     0 | D:1      | mortelune the Demonspawn Ice Elementalist began the quest for the Orb.
     0 | D:1      | Reached XP level 1. HP: 13/13 MP: 3/3
   291 | D:1      | Gained mutation: A weak demonic guardian rushes to your aid. [demonic ancestry]
   291 | D:1      | Reached XP level 2. HP: 19/19 MP: 3/5
   295 | D:1      | Learned a level 2 spell: Throw Frost
   784 | D:1      | Reached skill level 3 in Ice Magic
  1520 | D:1      | Gained mutation: You are partially covered in icy blue scales. (AC +2) [demonic ancestry]
  1520 | D:1      | Reached XP level 3. HP: 18/24 MP: 4/6
  2078 | D:1      | Learned a level 3 spell: Ozocubu's Armour
  2439 | D:2      | Found a hide-covered altar of Uskayaw.
  2473 | D:1      | Reached XP level 4. HP: 26/30 MP: 0/8
  2684 | D:2      | Noticed Sigmund
  3187 | D:3      | Found a basalt altar of Yredelemnul.
  3187 | D:3      | Found a shimmering altar of Xom.
  3614 | D:3      | Noticed Natasha
  3626 | D:3      | Killed Natasha
  3626 | D:3      | Reached XP level 5. HP: 31/35 MP: 1/9
  3910 | D:3      | Noticed Natasha
  3934 | D:3      | Killed Natasha
  4120 | D:3      | Learned a level 4 spell: Summon Ice Beast
  4316 | D:4      | Found a shadowy altar of Dithmenos.
  4318 | D:4      | Reached skill level 4 in Ice Magic
  4336 | D:4      | HP: 1/35 [orc wizard/magic dart (7)]
  4336 | D:4      | Slain by an orc

Vault maps used:
D:1:      saegor_arrival_under_anarchy
D:2:      eat_drink_and_be_merry_uskayaw, minivault_27, uniq_sigmund
D:3:      gammafunk_temple_overflow_pools, serial_glass, glass_columns_b,
          glass_columns_a, hex_medium, uniq_natasha
D:4:      nicolae_overflow_hidden_temple, grunt_dithmenos_smoke,
          minmay_temple_entry_poolview

Skill      XL: |  1  2  3  4  5 |
---------------+----------------+-----
Dodging        | 2 |  2.4
Ice Magic      | 3 4 |  4.0
Spellcasting   | 3 |  3.4
Conjurations   | 2 |  2.5
Stealth        | |  1.7

Action                   |  1- 3 |  4- 6 || total
-------------------------+-------+-------++-------
Melee: Unarmed           |     3 |       ||     3
       Club              |     1 |       ||     1
       Short sword       |    16 |    11 ||    27
 Cast: Freeze            |    55 |    51 ||   106
       Throw Frost       |    13 |    21 ||    34
  Use: Scroll            |     1 |       ||     1
       Potion            |       |     1 ||     1
  Eat: Chunk             |     6 |     7 ||    13
Armor: Robe              |    37 |    16 ||    53
Dodge: Dodged            |    88 |    50 ||   138

Table legend:
 A = Spawn XP
 B = Non-spawn XP
 C = Spawn XP percentage of total XP
 D = Spawn monster count
 E = Non-spawn monster count
 F = Spawn count percentage of total count
 G = Total turns spent on level
                    A         B        C        D         E        F      G
               +---------+---------+-------+---------+---------+-------+---------
         Total |       0 |     284 |   0.0 |       0 |      77 |   0.0 |  4336
               +---------+---------+-------+---------+---------+-------+---------
           D:1 |       0 |      66 |   0.0 |       0 |      34 |   0.0 |  2546
           D:2 |       0 |      59 |   0.0 |       0 |      10 |   0.0 |   426
           D:3 |       0 |     156 |   0.0 |       0 |      32 |   0.0 |  1344
           D:4 |       0 |       3 |   0.0 |       0 |       1 |   0.0 |    20
               +---------+---------+-------+---------+---------+-------+---------
